 Dungeon Crawl Stone Soup version 0.30-a0-802-gb92711bcdf (webtiles) character file.

Game seed: 6906008515938190524

188 Pimp the Sneak (level 5, 0/31 HPs)
             Began as an Octopode Fire Elementalist on Feb 25, 2023.
             Slain by a hound (5 damage)
             ... on level 4 of the Dungeon.
             The game lasted 00:05:11 (2504 turns).

Pimp the Sneak (Octopode Fire Elementalist)         Turns: 2504, Time: 00:05:12

Health: 0/31       AC:  1    Str:  7    XL:     5   Next: 67%
Magic:  5/9        EV: 13    Int: 20    God:
Gold:   59         SH:  0    Dex: 12    Spells: 2/9 levels left

rFire   . . .      SeeInvis .    g - +1 dagger (speed)
rCold   . . .      Faith    .    (no shield)
rNeg    . . .      Spirit   .    (helmet restricted)
rPois   .          Reflect  .    e - amulet of magic regeneration
rElec   .          Harm     .    (no ring)
rCorr   .          Rampage  .    (no ring)
Will    .....                    (no ring)
Stlth   +++                      (no ring)
HPRegen 0.25/turn                (no ring)
MPRegen 0.51/turn                (no ring)
                                 (no ring)
                                 (no ring)

@: very slightly contaminated
A: almost no armour, amphibious, 8 rings, camouflage 1, gelatinous body 1,
(nimble swimmer 1), tentacles
a: no special abilities


You were on level 4 of the Dungeon.
You visited 1 branch of the dungeon, and saw 4 of its levels.

You collected 59 gold pieces.

Inventory:

Hand Weapons
 c - a +0 dagger
 g - a +1 dagger of speed (weapon)
Missiles
 d - 2 poisoned darts
Jewellery
 e - an amulet of magic regeneration (around mantle)
Scrolls
 b - 3 scrolls of identify {unknown}
 h - a scroll of enchant weapon {unknown}
 i - a scroll of enchant armour {unknown}
 j - a scroll of magic mapping {unknown}
 l - a scroll of immolation {unknown}
Potions
 a - 2 potions of magic
 f - a potion of curing {unknown}
 k - a potion of heal wounds


   Skills:
 + Level 1.1 Short Blades
 + Level 3.0 Dodging
 + Level 4.1 Stealth
 + Level 2.8 Spellcasting
 + Level 2.3 Conjurations
 + Level 3.7 Fire Magic


You had 2 spell levels left.
You knew the following spells:

 Your Spells              Type           Power      Damage    Failure   Level
a - Foxfire               Conj/Fire      60%        2x1d7     4%          1
b - Scorch                Fire           36%        2d7       4%          2
c - Flame Wave            Conj/Fire      15%        2d7       38%         4

Your spell library contained the following spells:

 Spells                   Type           Power      Damage    Failure   Level
 Inner Flame              Hex/Fire       10%        N/A       21%         3
 Kindle Blastsparks       Fire/Tloc/Air  14%        2d11      26%         3


Dungeon Overview and Level Annotations

Branches:
Dungeon (4/15)
 Temple: D:4-7

Altars:
Yredelemnul


Innate Abilities, Weirdness & Mutations

You cannot wear most types of armour.
You are amphibious.
You can wear up to eight rings at the same time.
Your skin changes colour to match your surroundings (Stealth+).
Your rubbery body absorbs attacks. (AC +1, EV +1)
((You are camouflaged when in or above water. (Stealth+)))
You have tentacles for arms and can constrict up to eight enemies at once.


Message History

Nothing appears to happen.
You constrict Ijyb, but do no damage.
The foxfire hits Ijyb but does no damage.
Ijyb is severely wounded.
The foxfire hits Ijyb but does no damage.
Ijyb is severely wounded.
The hound barely misses you. Ijyb hits you with a +1 spectral club.
The hound closely misses you.
Casting: Foxfire (safe; 4% risk of failure)
Confirm with . or Enter, or press ? or * to list all spells.
You conjure some foxfire!
You constrict Ijyb. The hound bites you. Ijyb closely misses you.
Casting: Foxfire (safe; 4% risk of failure)
Confirm with . or Enter, or press ? or * to list all spells.
You conjure some foxfire!
You constrict Ijyb, but do no damage.
The foxfire hits Ijyb.
Ijyb is almost dead.
The foxfire hits the hound.
The hound is heavily wounded.
The hound bites you.
The foxfire hits the gnoll.
The gnoll is heavily wounded.
Ijyb barely misses you. The hound bites you.
Casting: Foxfire (safe; 4% risk of failure)
Confirm with . or Enter, or press ? or * to list all spells.
You conjure some foxfire!
You constrict Ijyb.
The foxfire hits Ijyb.
You kill Ijyb!
The hound bites you.
* * * LOW HITPOINT WARNING * * *
Your Dodging skill increases to level 3!
You barely miss the hound. Your grab misses the hound.
The hound is heavily wounded.
The foxfire hits the hound.
The hound is severely wounded.
The foxfire hits the hound.
The hound is almost dead.
The hound bites you.
* * * LOW HITPOINT WARNING * * *
Casting: Foxfire (safe; 4% risk of failure)
Confirm with . or Enter, or press ? or * to list all spells.
You conjure some foxfire!
The hound bites you.
You die...

.......
.......
.......####
#......<..#
#.........#
#.........#
#.........#
#......gv§#
#......h@§#
#......v).#
#....)....+
#.........#
###########


You could see a hound (ally target) and a gnoll (ally target).

Vanquished Creatures
  A scorpion zombie (D:3)
  An orc wizard (D:3)
  Ijyb (D:4)
  A hound zombie (D:3)
  4 adders
  An adder zombie (D:3)
  A worm (D:2)
  8 orcs
  An endoplasm (D:3)
  A giant cockroach (D:2)
  9 goblins
  2 hobgoblins (D:3)
  3 jackals (D:2)
  A quokka (D:2)
  5 ball pythons
  3 bats
  5 frilled lizards
  A jackal zombie (D:3)
  4 kobolds
  4 rats
  A bush (D:2)
58 creatures vanquished.

Vanquished Creatures (others)
  53 foxfires
53 creatures vanquished.

Grand Total: 111 creatures vanquished

Notes
Turn   | Place    | Note
-------+----------+-------------------------------------------
     0 | D:1      | Pimp the Octopode Fire Elementalist began the quest for the
                  | Orb.
     0 | D:1      | Reached XP level 1. HP: 11/11 MP: 3/3
    44 | D:1      | Found a faded altar of an unknown god.
   125 | D:1      | You fall into a shaft and drop 1 floor!
   164 | D:2      | Reached skill level 3 in Stealth
   164 | D:2      | Reached XP level 2. HP: 9/17 MP: 5/5
   392 | D:2      | Learned a level 2 spell: Scorch
   677 | D:2      | Reached XP level 3. HP: 9/21 MP: 6/6
  1635 | D:3      | Reached XP level 4. HP: 26/27 MP: 7/7
  1652 | D:3      | Learned a level 4 spell: Flame Wave
  1894 | D:3      | Found a basalt altar of Yredelemnul.
  1913 | D:3      | Reached XP level 5. HP: 16/31 MP: 7/9
  2434 | D:3      | Reached skill level 1 in Short Blades
  2434 | D:3      | Reached skill level 4 in Stealth
  2482 | D:4      | Noticed Ijyb
  2502 | D:4      | Killed Ijyb
  2504 | D:4      | Slain by a hound

Illustrated notes

Levels and vault maps discovered:
D:1:      scummos_arrival_hexagon, layout_loops_ring,
          shapermc_ecumenical_altar_mp_highgroup, minmay_small_reverse_x
D:2:      layout_loops_corners, serial_forest, infiniplex_forest_clump_small,
          infiniplex_forest_straight_3, infiniplex_forest_pool,
          infiniplex_forest_end_1, infiniplex_forest_corner_1,
          infiniplex_forest_straight_4, infiniplex_forest_lined_4_way,
          infiniplex_forest_pool
D:3:      layout_basic, nicolae_yredelemnul_corpse_copse,
          kennysheep_generic_room_12
D:4:      layout_gridville, minmay_temple_entry_statues_pillars,
          portal_sewer_entry_b, serial_shops, nicolae_shop_trees, uniq_ijyb

Skill      XL: |  1  2  3  4  5 |
---------------+----------------+-----
Stealth        | 3 4 |  4.1
Conjurations   | 2 |  2.3
Short Blades   | 1 |  1.1
Dodging        | 3 |  3.0
Spellcasting   | |  2.8
Fire Magic     | |  3.7

Action                     |  1- 3 |  4- 6 || total
---------------------------+-------+-------++-------
  Melee: Unarmed           |    17 |       ||    17
         Constrict         |    19 |    12 ||    31
         Tentacles         |    72 |    14 ||    86
         Dagger            |   191 |    73 ||   264
         Punch             |     2 |       ||     2
   Cast: Foxfire           |     6 |    31 ||    37
    Use: Scroll            |     1 |       ||     1
         Potion            |     1 |       ||     1
   Stab: Sleeping          |     8 |     7 ||    15
         Distracted        |     1 |       ||     1
 Armour: Skin              |     5 |     5 ||    10
  Dodge: Dodged            |    34 |    40 ||    74

Table legend: (Time is in decaauts)
 A = Elapsed time spent in this place.
 B = Non-inter-level travel time spent in this place.
 C = Inter-level travel time spent in this place.
 D = Time resting spent in this place.
 E = Time spent auto-exploring this place.
 F = Levels seen in this place.
 G = Mean time per level.
                   A        B        C        D        E       F      G
               +--------+--------+--------+--------+--------+-----+--------+
         Total |   2405 |   2319 |     86 |    377 |   1356 |   4 |  601.2 |
       Dungeon |   2405 |   2319 |     86 |    377 |   1356 |   4 |  601.2 |
               +--------+--------+--------+--------+--------+-----+--------+

Top non-repeatable levels by time:
     D:2: 1396 daAuts
     D:3: 865 daAuts
     D:1: 125 daAuts
     D:4: 18 daAuts
